 Dungeon Crawl Stone Soup version 0.25-a0-842-g81a31cfd23 (webtiles) character file.

Game seed: 8222966921051392115, levelgen mode: deterministic

249 KiliKikkendorf the Slasher (level 5, -5/46 HPs)
             Began as a Minotaur Gladiator on Apr 24, 2020.
             Slain by an ice beast (14 damage)
             ... on level 2 of the Dungeon.
             The game lasted 00:05:12 (1721 turns).

KiliKikkendorf the Slasher (Minotaur Gladiator)     Turns: 1721, Time: 00:05:13

Health: -5/46      AC:  7    Str: 19    XL:     5   Next: 87%
Magic:  4/4        EV: 11    Int:  5    God:
Gold:   79         SH:  0    Dex: 12    Spells: 4/4 levels left

rFire    . . .     SeeInvis .   a - +0 long sword
rCold    . . .     Gourm    .   (no shield)
rNeg     . . .     Faith    .   l - +0 scale mail
rPois    .         Spirit   .   c - +1 hat
rElec    .         Reflect  .   (no cloak)
rCorr    .         Harm     .   (no gloves)
MR       .....                  (no boots)
Stlth    +.........             (no amulet)
HPRegen  0.15/turn              o - ring of stealth
MPRegen  0.09/turn              (no ring)

@: no status effects
A: retaliatory headbutt, horns 2
a: no special abilities


You were on level 2 of the Dungeon.
You were near starving.

You visited 1 branch of the dungeon, and saw 2 of its levels.

You collected 79 gold pieces.

Inventory:

Hand Weapons
 a - a +0 long sword (weapon)
Missiles
 d - 2 throwing nets (quivered)
Armour
 c - a +1 hat (worn)
 l - a +0 scale mail (worn)
Jewellery
 h - a +2 ring of slaying
 o - a ring of stealth (left hand)
Scrolls
 b - a scroll of blinking {unknown}
 e - a scroll of fog
 j - a scroll of teleportation
Comestibles
 f - 3 rations


   Skills:
 + Level 3.7 Fighting
 + Level 5.5 Long Blades
 - Level 2.0 Throwing
 + Level 2.9 Armour
 - Level 3.5 Dodging
 + Level 0.1 Stealth
 * Level 2.8 Unarmed Combat


You had 4 spell levels left.
You didn't know any spells.
Your spell library was empty.

Dungeon Overview and Level Annotations

Branches:
Dungeon (2/15)

Altars:


Innate Abilities, Weirdness & Mutations

You reflexively headbutt those who attack you in melee.
You have a pair of horns on your head.


Message History

You hit the ice beast. You headbutt the ice beast.
The ice beast is heavily wounded.
The ice beast barely misses you. You furiously retaliate!
You headbutt the ice beast, but do no damage.
You hit the ice beast but do no damage.
The ice beast is heavily wounded.
The ice beast barely misses you.
You hit the ice beast but do no damage.
The ice beast is heavily wounded.
The ice beast hits you but does no damage.
You hit the ice beast.
The ice beast is severely wounded.
The ice beast hits you. The ice beast freezes you!
* * * LOW HITPOINT WARNING * * *
You closely miss the ice beast.
The ice beast is severely wounded.
The ice beast hits you.
* * * LOW HITPOINT WARNING * * *
The ice beast freezes you!
You die...

.. #.. ####.
#.. #....
#####.. ###....
#......
.......##
#......
....Y...#
#...... #.##
#......
########Y.# #
#......
#...)...@.##.##
#......
#.............#
#......
#.............#
#......
#.............#
#......
#.............#
#######
#.............#
#....
#.............#
#....
#.............#
#....
#...........>.#
#....


You could see an ice beast.

Vanquished Creatures
  Sigmund (D:2)
  2 adders (D:2)
  An ooze (D:2)
  5 worms (D:2)
  3 dart slugs
  3 leopard geckos (D:2)
  A ball python (D:1)
  6 bats
  3 giant cockroaches
  3 goblins
  6 hobgoblins
  2 jackals (D:2)
  4 kobolds
  A quokka (D:2)
  5 frilled lizards
  5 rats
51 creatures vanquished.

Notes
Turn   | Place    | Note
-------+----------+-------------------------------------------
     0 | D:1      | KiliKikkendorf the Minotaur Gladiator began the quest for
                  | the Orb.
     0 | D:1      | Reached XP level 1. HP: 18/18 MP: 0/0
   265 | D:1      | Reached XP level 2. HP: 25/25 MP: 1/1
   266 | D:1      | Reached skill level 4 in Long Blades
   285 | D:1      | Reached skill level 1 in Unarmed Combat
   593 | D:2      | Reached XP level 3. HP: 29/30 MP: 2/2
  1023 | D:2      | Reached skill level 1 in Armour
  1023 | D:2      | Reached XP level 4. HP: 38/38 MP: 3/3
  1445 | D:2      | Noticed Sigmund
  1487 | D:2      | Killed Sigmund
  1487 | D:2      | Reached skill level 5 in Long Blades
  1487 | D:2      | Reached XP level 5. HP: 17/46 MP: 4/4
  1708 | D:2      | Noticed an ice beast
  1721 | D:2      | Slain by an ice beast

Levels and vault maps discovered:
D:1:      beargit_arrival_greenhouse, layout_rooms
D:2:      layout_basic, first_ration, uniq_sigmund, uniq_crazy_yiuf_cottage

Skill      XL: |  1  2  3  4 |
---------------+-------------+-----
Long Blades    | 4 5 |  5.5
Unarmed Combat | 1 2 |  2.8
Fighting       | 3 |  3.7
Armour         | 1 2 |  2.9
Throwing       | |  2.0
Dodging        | |  3.5
Stealth        | |  0.1

Action                   |  1- 3 |  4- 6 || total
-------------------------+-------+-------++-------
Melee: Long sword        |    53 |    39 ||    92
       Headbutt          |     9 |    12 ||    21
Throw: Throwing net      |       |     2 ||     2
  Use: Scroll            |     5 |       ||     5
       Potion            |     4 |     2 ||     6
  Eat: Chunk             |       |     1 ||     1
Armor: Leather armour    |     4 |       ||     4
       Ring mail         |     7 |       ||     7
       Scale mail        |     8 |    13 ||    21
Dodge: Dodged            |    51 |    11 ||    62
       Rpst.: Long sword |     9 |     3 ||    12

Table legend:
 A = Non-vault XP
 B = Vault XP
 C = Vault XP percentage of total XP
 D = Non-vault monster count
 E = Vault monster count
 F = Vault count percentage of total count
                 A         B        C        D         E       F
            +---------+---------+-------+---------+---------+-------
      Total |     137 |     220 |  61.6 |      50 |       1 |   2.0
            +---------+---------+-------+---------+---------+-------
        D:1 |      28 |       0 |   0.0 |      16 |       0 |   0.0
        D:2 |     109 |     220 |  66.9 |      34 |       1 |   2.9
            +---------+---------+-------+---------+---------+-------
